 Dungeon Crawl Stone Soup version 0.31-a0-1074-g0b22e4e0f1 (webtiles) character file.

Game seed: 6841661893390871325

5632 javelincjr the Nimble (level 11, -3/70 HPs)
             Began as a Djinni Fire Elementalist on Dec 5, 2023.
             Was a Priest of Qazlal.
             Killed by divine providence
             ... invoked by an orc priest
              (16 damage)
             ... on level 9 of the Dungeon.
             The game lasted 00:40:24 (9959 turns).

javelincjr the Nimble (Djinni Fire Elementalist)    Turns: 9959, Time: 00:40:25

Health: -3/70      AC:  7    Str:  9    XL:     11   Next: 3%
Gold:   285        EV: 15    Int: 21    God:    Qazlal [***...] SH:  4 Dex: 14

rFire   + + .        C - +4 spear (venom)
rCold   x x .        (no shield)
rNeg    . . .        e - +0 leather armour of Suddun {rC- Str+2 SInv}
rPois   ∞            w - +0 helmet
rElec   .            s - +0 cloak {rCorr}
rCorr   +            v - +0 pair of gloves
SInv    +            (boots unavailable)
Will    ++...        (no amulet)
Stlth   +            d - ring of willpower
HPRegen 0.31/turn    m - ring of wizardry
MPRegen 0.00/turn

%: wizardry (x1), infuse magic (-4 HP)
@: flying
A: sickness immunity, fire resistance 2, cold vulnerability 1, float, innate
caster, HP casting, extra vitality 1, frail 1
a: Renounce Religion, Upheaval, Elemental Force


You were on level 9 of the Dungeon.
You worshipped Qazlal.
Qazlal was most pleased with you.
You visited 2 branches of the dungeon, and saw 10 of its levels.

You collected 285 gold pieces.

Inventory:

Hand Weapons
 p - a +2 short sword of holy wrath
 r - a +3 quarterstaff of chaos
 t - a +1 whip of pain
 B - a +4 dagger of speed
 C - a +4 spear of venom (weapon)
Missiles
 u - 22 poisoned darts
 y - 7 boomerangs
 O - a throwing net
 Q - a curare-tipped dart
Armour
 a - a +0 robe
 e - the +0 leather armour of Suddun (worn) {rC- Str+2 SInv}
   (You found it on level 4 of the Dungeon)

   Str+2:     It affects your strength (+2).
   rC-:       It makes you vulnerable to cold.
   SInv:      It lets you see invisible.
 s - a +0 cloak of preservation (worn)
 v - a +0 pair of gloves (worn)
 w - a +0 helmet (worn)
 D - a +1 robe of willpower
 G - a +2 leather armour of positive energy
Magical Staves
 n - a staff of air
 M - a staff of death
Jewellery
 d - a ring of willpower (left hand)
 m - a ring of wizardry (right hand)
 o - a ring of protection from fire
 E - a +6 ring of strength
Wands
 I - a wand of flame (15)
 P - a wand of charming (7)
Scrolls
 b - 4 scrolls of teleportation
 c - 2 scrolls of enchant armour {unknown}
 f - a scroll of immolation {unknown}
 g - 2 scrolls of fear {unknown}
 h - 2 scrolls of blinking {unknown}
 i - 3 scrolls of revelation {unknown}
 j - 2 scrolls of butterflies {unknown}
 F - 2 scrolls of fog {unknown}
 H - a scroll of poison {unknown}
 K - a scroll of vulnerability {unknown}
 N - a scroll of silence {unknown}
Potions
 k - 5 potions of curing
 l - a potion of invisibility
 q - a potion of ambrosia
 x - a potion of enlightenment
 z - a potion of heal wounds
 A - a potion of lignification
 J - a potion of cancellation {unknown}
 L - a potion of brilliance {unknown}


   Skills:
 + Level 6.6 Fighting
 + Level 5.8 Armour
 + Level 8.0 Dodging
 - Level 2.3 Stealth
 * Level 7.2 Spellcasting
 * Level 7.2 Conjurations
 * Level 7.2 Hexes
   Level 0.0 Charms
 * Level 7.2 Summonings
 * Level 7.2 Necromancy
 * Level 7.2 Translocations
 * Level 7.2 Transmutations
 * Level 7.2 Fire Magic
 * Level 7.2 Ice Magic
 * Level 7.2 Air Magic
 * Level 7.2 Earth Magic
 * Level 7.2 Poison Magic
 + Level 5.8 Invocations


You knew the following spells:

 Your Spells              Type           Power      Damage    Failure   Level
a - Foxfire               Conj/Fire      100%       2x1d9     1%          1
b - Scorch                Fire           74%        2d8       1%          2
c - Volatile Blastmotes   Fire/Tloc      74%        2d16      1%          3
d - Inner Flame           Hex/Fire       37%        N/A       1%          3
e - Flame Wave            Conj/Fire      37%        2d10      2%          4
f - Summon Small Mammal   Summ           100%       N/A       1%          1
g - Call Imp              Summ           74%        N/A       1%          2
h - Teleport Other        Tloc           37%        N/A       1%          3
i - Anguish               Hex/Necr       18%        N/A       2%          4
j - Iskenderun's Battles  Conj           37%        2d9       6%          5
Your spell library was empty.

Dungeon Overview and Level Annotations

Branches:
Dungeon (9/15)             Temple (1/1) D:4
   Lair: D:8-11         Orc: D:9-12

Altars:
Ashenzari
Cheibriados
Dithmenos
Elyvilon
Fedhas
Gozag
Hepliaklqana
Makhleb
Nemelex Xobeh
Okawaru
Qazlal
Ru
Trog
Uskayaw
Wu Jian
Xom
Yredelemnul
Zin
The Shining One

Shops:
D:3 :

Annotations:
D:6 3 runed translucent doors, RabbitInGlasses's ghost, novice TeSh; pants's ghost, novice HOFi; schwank's ghost, novice GrFi


Innate Abilities, Weirdness & Mutations

You are immune to sickness and miasma.
You are immune to poison.
Your flesh is very heat resistant. (rF++)
You are vulnerable to cold. (rC-)
You float through the air rather than walking.
You learn spells naturally, not from books.
Your magical power is your life essence.
You have superior vitality. (+4 MHP)
You are frail. (-10% HP)


Message History

Beogh smites you!
An orc comes into view. It is wielding a +0 mace.
You are too injured to fight recklessly!
Casting: Iskenderun's Battlesphere (dangerous; 6% risk of failure)
Confirm with . or Enter, or press ? or * to list all spells.
You conjure some foxfire!
Your battlesphere fires!
The barrage of energy hits the orc warrior!
The orc warrior is heavily wounded.
Casting: Foxfire (safe; 1% risk of failure)
Confirm with . or Enter, or press ? or * to list all spells.
You conjure some foxfire!
A barrage of energy appears from out of your range of vision.
The barrage of energy hits the orc!
You kill the orc!
Qazlal accepts your kill.
The orc priest invokes the aid of Beogh against you.
Beogh smites you!
* * * LOW HITPOINT WARNING * * *
Casting: Foxfire (safe; 1% risk of failure)
Confirm with . or Enter, or press ? or * to list all spells.
Flames lash the orc warrior.
The orc warrior is severely wounded.
The orc warrior's fire resistance burns away.
* * * LOW HITPOINT WARNING * * *
The foxfire hits the orc warrior!
The orc warrior is burned terribly!
You kill the orc warrior!
Qazlal accepts your kill.
The foxfire hits the orc priest.
The orc priest is lightly wounded.
Casting: Scorch (safe; 1% risk of failure)
Confirm with . or Enter, or press ? or * to list all spells.
You conjure some foxfire!
* * * LOW HITPOINT WARNING * * *
Your battlesphere fires!
The barrage of energy hits the orc priest!
The orc priest is severely wounded.
The orc priest calls down the wrath of Beogh upon you.
Beogh smites you!
You die...

#### ... #). ...#.*###
...o))§@# .....)#v#
..... #.# .... #.#
############.#### #
#...............## .#
#.####...........##
.####.# #.≈≈≈§≈.≈≈≈..#
....#.####.≈......§≈.##


You could see an orc priest (ally target) and a friendly battlesphere.

Vanquished Creatures
  A two-headed ogre (D:9)
  Pikel (D:8)
  The ghost of timneilson the Insei, an amateur OpSh (D:4)
  A wyvern (D:8)
  4 yaks (D:9)
  Grum (D:7)
  2 water moccasins (D:7)
  4 orc warriors
  3 black bears
  A wolf (D:7)
  An ogre (D:7)
  A centaur (D:8)
  The ghost of ranchalot the Insei, an amateur OpSh (D:3)
  2 kobold brigands (D:9)
  3 lemures (D:8)
  A scorpion (D:5)
  5 wights
  9 killer bees
  4 howler monkeys
  13 hounds
  3 jellies
  Crazy Yiuf (D:2)
  3 orc priests
  3 gnoll boudas (D:7)
  4 iguanas
  A sleepcap (D:5)
  8 orc wizards
  16 gnolls
  9 adders
  2 shadow imps
  2 white imps
  A worm (D:2)
  3 dart slugs
  25 orcs
  3 bats
  7 endoplasms
  5 giant cockroaches
  8 goblins
  8 hobgoblins
  14 jackals
  12 kobolds
  4 quokkas
  5 ball pythons
  2 frilled lizards (D:1)
  4 rats
212 creatures vanquished.

Vanquished Creatures (collateral kills)
  An adder (D:2)
  An endoplasm (D:2)
  A goblin (D:4)
  A frilled lizard (D:2)
4 creatures vanquished.

Vanquished Creatures (others)
  821 foxfires
821 creatures vanquished.

Grand Total: 1037 creatures vanquished

Notes
Turn   | Place    | Note
-------+----------+-------------------------------------------
     0 | D:1      | javelincjr the Djinni Fire Elementalist began the quest for
                  | the Orb.
     0 | D:1      | javelincjr set off with the following spells memorised:
                  | Foxfire, Scorch, Volatile Blastmotes, Inner Flame, Flame
                  | Wave.
     0 | D:1      | Reached XP level 1. HP: 15/15 MP: 0/0
   128 | D:1      | Reached XP level 2. HP: 8/21 MP: 0/0
   398 | D:1      | Found a faded altar of an unknown god.
   457 | D:1      | Reached XP level 3. HP: 24/25 MP: 0/0
   457 | D:1      | Learned a level 1 spell: Summon Small Mammal
  1103 | D:2      | Reached skill level 3 in Dodging
  1211 | D:2      | Reached XP level 4. HP: 28/31 MP: 0/0
  1628 | D:2      | Found a runed translucent door.
  1629 | D:2      | Noticed Crazy Yiuf
  1961 | D:2      | Killed Crazy Yiuf
  1962 | D:2      | Reached skill level 1 in Fighting
  1962 | D:2      | Reached XP level 5. HP: 17/37 MP: 0/0
  1962 | D:2      | Learned a level 2 spell: Call Imp
  2753 | D:3      | Found Dien's Vocational Training.
  2942 | D:3      | Found a runed translucent door.
  2947 | D:3      | Noticed ranchalot's ghost (amateur OpSh)
  2955 | D:3      | Killed ranchalot's ghost
  2956 | D:3      | Reached XP level 6. HP: 28/43 MP: 0/0
  3185 | D:3      | Gained mutation: You are frail. (-10% HP) [potion of
                  | mutation]
  3327 | D:4      | Found a shimmering altar of Xom.
  3410 | D:4      | Reached skill level 4 in Dodging
  3549 | D:4      | Identified the +0 leather armour of Suddun {rC- Str+2 SInv}
  3778 | D:4      | Found an ornate altar of the Wu Jian Council.
  3851 | D:4      | Found a runed translucent door.
  3856 | D:4      | Noticed timneilson's ghost (amateur OpSh)
  4002 | D:4      | Found a basalt altar of Yredelemnul.
  4008 | D:4      | Reached XP level 7. HP: 40/44 MP: 0/0
  4008 | D:4      | Learned a level 3 spell: Teleport Other
  4239 | D:4      | Found a staircase to the Ecumenical Temple.
  4251 | Temple   | Entered the Ecumenical Temple
  4256 | Temple   | Became a worshipper of Qazlal Stormbringer
  4401 | D:4      | Killed timneilson's ghost
  4402 | D:4      | Reached skill level 1 in Armour
  4402 | D:4      | Reached skill level 1 in Invocations
  4626 | D:5      | Entered Level 5 of the Dungeon
  4720 | D:5      | Reached XP level 8. HP: 39/50 MP: 0/0
  4724 | D:5      | Reached skill level 5 in Dodging
  4900 | D:5      | Reached skill level 5 in Spellcasting
  4900 | D:5      | Reached skill level 5 in Conjurations
  4900 | D:5      | Reached skill level 5 in Hexes
  4900 | D:5      | Reached skill level 5 in Summonings
  4900 | D:5      | Reached skill level 5 in Necromancy
  4900 | D:5      | Reached skill level 5 in Translocations
  4900 | D:5      | Reached skill level 5 in Transmutations
  4900 | D:5      | Reached skill level 5 in Fire Magic
  4900 | D:5      | Reached skill level 5 in Ice Magic
  4900 | D:5      | Reached skill level 5 in Air Magic
  4900 | D:5      | Reached skill level 5 in Earth Magic
  4900 | D:5      | Reached skill level 5 in Poison Magic
  5220 | D:5      | Found an opulent altar of Gozag.
  5402 | D:5      | Found a sparkling altar of Nemelex Xobeh.
  5843 | D:5      | Noticed a two-headed ogre
  5844 | D:5      | Noticed a hornet
  5931 | D:6      | Reached * piety under Qazlal
  6039 | D:6      | Reached XP level 9. HP: 41/55 MP: 0/0
  6039 | D:6      | Learned a level 4 spell: Anguish
  6210 | D:6      | Found a runed translucent gate.
  6210 | D:6      | Found a runed translucent gate.
  6210 | D:6      | Noticed schwank's ghost (novice GrFi)
  6210 | D:6      | Noticed RabbitInGlasses's ghost (novice TeSh)
  6212 | D:6      | Noticed pants's ghost (novice HOFi)
  6224 | D:6      | Found a runed translucent gate.
  6962 | D:7      | Reached skill level 6 in Dodging
  7247 | D:7      | Reached ** piety under Qazlal
  7252 | D:7      | Reached skill level 5 in Fighting
  7477 | D:7      | Found an iron altar of Okawaru.
  7806 | D:7      | Reached XP level 10. HP: 58/63 MP: 0/0
  7920 | D:7      | Noticed Grum
  7927 | D:7      | Killed Grum
  8243 | D:8      | Reached skill level 7 in Dodging
  8397 | D:8      | Found a glowing golden altar of the Shining One.
  8585 | D:8      | Noticed Pikel
  8596 | D:8      | Killed Pikel
  8597 | D:8      | Reached skill level 5 in Armour
  8597 | D:8      | Reached skill level 5 in Invocations
  9421 | D:9      | Noticed a two-headed ogre
  9429 | D:9      | Killed a two-headed ogre
  9493 | D:9      | Found a shadowy altar of Dithmenos.
  9548 | D:9      | Reached *** piety under Qazlal
  9727 | D:9      | Found a burning altar of Makhleb.
  9787 | D:9      | Reached skill level 8 in Dodging
  9787 | D:9      | Reached XP level 11. HP: 36/70 MP: 0/0
  9787 | D:9      | Learned a level 5 spell: Iskenderun's Battlesphere
  9959 | D:9      | Killed from afar by an orc priest

Illustrated notes

Levels and vault maps discovered:
D:1:      pf_arrival_petrified_forest, layout_basic,
          ebering_ecumenical_altar_hall
D:2:      layout_loops_ring, kennysheep_generic_room_2, uniq_crazy_yiuf_cottage
D:3:      layout_basic, ebering_ghost_reflecting_pool, nicolae_shop_vocational
D:4:      minmay_octagon_keep, layout_basic, grunt_temple_overflow_open,
          old_standard_altar, temple_hall, ebering_ghost_reflecting_pool,
          grunt_ministairs_5
D:5:      nicolae_cairo_tiling_very_big, layout_basic,
          nemelex_diamond_rough_becter, mainiacjoe_overflow_alcove_1,
          lightli_corner_chamber
D:6:      layout_loops_ring, gammafunk_ghost_cemetery, minmay_misc_feat_tower,
          grunt_decor_mini_mirrors
D:7:      layout_cave_pools, lemuel_round_altar, kennysheep_mini_moat,
          serial_gnoll_camp, gnoll_camp_mini_loothouse, gnoll_camp_mini_house,
          gnoll_camp_mini_hut, gnoll_camp_mini_hut, grums_kennel,
          kennysheep_windowed_goal
D:8:      layout_gridville, nicolae_tso_swordbearing_angel, uniq_pikel
D:9:      minmay_polygon_palace, layout_loops_ring,
          mainiacjoe_overflow_brackets,
          mainiacjoe_overflow_concentric_impassable, erik_orc_1, st_stairs_3
Temple:   minmay_freezing_vapour_temple

Skill      XL: |  1  2  3  4  5  6  7  8  9 10 |
---------------+-------------------------------+-----
Spellcasting   | 4 5 6 7 |  7.2
Conjurations   | 4 5 6 7 |  7.2
Hexes          | 4 5 6 7 |  7.2
Summonings     | 4 5 6 7 |  7.2
Necromancy     | 4 5 6 7 |  7.2
Translocations | 4 5 6 7 |  7.2
Transmutations | 4 5 6 7 |  7.2
Fire Magic     | 4 5 6 7 |  7.2
Ice Magic      | 4 5 6 7 |  7.2
Air Magic      | 4 5 6 7 |  7.2
Earth Magic    | 4 5 6 7 |  7.2
Poison Magic   | 4 5 6 7 |  7.2
Stealth        | 2 |  2.3
Dodging        | 3 4 5 6 8 |  8.0
Fighting       | 1 2 3 4 5 6 |  6.6
Armour         | 1 2 4 5 |  5.8
Invocations    | 1 2 4 5 |  5.8

Action                     |  1- 3 |  4- 6 |  7- 9 | 10-12 || total
---------------------------+-------+-------+-------+-------++-------
  Melee: Unarmed           |    18 |       |       |       ||    18
         Quarterstaff      |       |     3 |    20 |       ||    23
         Dagger            |       |       |     7 |       ||     7
         Spear             |       |       |     8 |    11 ||    19
   Cast: Foxfire           |    78 |   126 |   192 |    89 ||   485
         Scorch            |     2 |    18 |    28 |    21 ||    69
         Summon Small Mamm |       |     5 |       |       ||     5
         Flame Wave        |       |     6 |    10 |     7 ||    23
         Call Imp          |       |     3 |     6 |     3 ||    12
         Teleport Other    |       |       |     1 |       ||     1
         Anguish           |       |       |       |     1 ||     1
         Iskenderun's Batt |       |       |       |     2 ||     2
    Use: Scroll            |       |     5 |     2 |     1 ||     8
         Potion            |       |     1 |       |       ||     1
   Stab: Sleeping          |       |     2 |       |       ||     2
 Armour: Robe              |    16 |    18 |       |       ||    34
         Leather armour    |       |       |    54 |    20 ||    74
  Dodge: Dodged            |    19 |     6 |    51 |    23 ||    99
  Block: Other             |       |       |     1 |     3 ||     4

Table legend: (Time is in decaauts)
 A = Elapsed time spent in this place.
 B = Non-inter-level travel time spent in this place.
 C = Inter-level travel time spent in this place.
 D = Time resting spent in this place.
 E = Time spent auto-exploring this place.
 F = Levels seen in this place.
 G = Mean time per level.
                   A        B        C        D        E       F      G
               +--------+--------+--------+--------+--------+-----+--------+
         Total |   9961 |   9692 |    269 |    437 |   7593 |  10 |  996.1 |
       Dungeon |   9933 |   9668 |    265 |    437 |   7593 |   9 | 1103.7 |
        Temple |     28 |     24 |      4 |      0 |      0 |   1 |   28.0 |
               +--------+--------+--------+--------+--------+-----+--------+

Top non-repeatable levels by time:
     D:2: 1429 daAuts
     D:4: 1401 daAuts
     D:5: 1396 daAuts
     D:7: 1335 daAuts
     D:8: 1152 daAuts
     D:1: 1014 daAuts
     D:6: 878 daAuts
     D:3: 753 daAuts
     D:9: 573 daAuts
  Temple: 28 daAuts
